 Dungeon Sprint DCSS version 0.20.1-1-g8b1a95d (webtiles) character file.

5100000 groucho the Intangible (level 24, -31/227 HPs)
             Began as a Demonspawn Gladiator on Oct 29, 2017.
             Was the Champion of Makhleb.
             Annihilated by a destroyer
             ... wielding a +9 great sword of slicing
              (134 damage)
             ... in the Dungeon (Sprint VIII: "Arena of Blood").
             The game lasted 00:02:46 (51 turns).

groucho the Intangible (Demonspawn Gladiator)         Turns: 51, Time: 00:02:47

Health: -31/227    AC: 14    Str: 18    XL:     24   Next: 75%
Magic:  11/54      EV: 36    Int:  9    God:    Makhleb [******]
Gold:   0          SH:  0    Dex: 24    Spells: 77/77 levels left

rFire    . . .     SeeInvis .   l - +∞ Axe of Woe
rCold    . . .     Gourm    .   (shield currently unavailable)
rNeg     . . .     Faith    .   b - +0 leather armour
rPois    .         Spirit   .   c - +0 helmet
rElec    .         Reflect  .   (no cloak)
rCorr    .         Harm     .   (no gloves)
MR       +....     NoTele   +   (boots unavailable)
Stlth    +++++++++.             (no amulet)
Regen    0.5/turn               n - +200 ring of slaying
MPRegen  0.4/turn               o - +200 ring of slaying

@: no status effects
A: hooves 3, iridescent scales 3, demonic guardian 2, augmentation 3, rot
immunity
a: Minor Destruction, Lesser Servant of Makhleb, Major Destruction, Greater
Servant of Makhleb, Renounce Religion


You were in the Dungeon.
You worshipped Makhleb.
Makhleb was exalted by your worship.
You were not hungry.

You visited 1 branch

Inventory:

Hand Weapons
 a - a +0 war axe
 l - the +∞ Axe of Woe (weapon)
   (You found it in the Dungeon)
 m - a +9 great sword of slicing
Missiles
 d - 3 throwing nets (quivered)
Armour
 b - a +0 leather armour (worn)
 c - a +0 helmet (worn)
Jewellery
 n - a +200 ring of slaying (left hand)
 o - a +200 ring of slaying (right hand)
Scrolls
 k - a scroll of blinking
Potions
 e - a potion of curing
 g - a potion of heal wounds
 h - a potion of haste
 i - 2 potions of magic
 j - a potion of berserk rage
Comestibles
 f - a bread ration


   Skills:
 O Level 27 Fighting
 O Level 27 Long Blades
 O Level 27 Axes
 O Level 27 Throwing
 O Level 27 Armour
 O Level 27 Dodging
 O Level 27 Stealth
 O Level 27 Unarmed Combat
 O Level 27 Spellcasting
 O Level 27 Invocations


You had 77 spell levels left.
You didn't know any spells.

Dungeon Overview and Level Annotations

Branches:
Dungeon (1/1)

Altars:
Makhleb

Annotations:
D The Servant


Innate Abilities, Weirdness & Mutations

You have hooves in place of feet.
You are completely covered in iridescent scales. (AC +6)
A demonic guardian rushes to your aid.
Your magical and physical power is greatly enhanced at high health.
You are immune to rotting.


Message History

The Servant closely misses you.
You hear a shout! x2
The meat berserker rages.
The destroyer blinks! 3 orcs and a lich come into view.
Unknown command.
You hear a shout! x3
The destroyer blinks!
You hear a shout!
The destroyer blinks!
You hear a shout!
The bag of meat is engulfed in blazing flames.
You hear a shout!
The Servant hits you with a +9 glaive of flaming!!!!
Ouch! That really hurt!
The Servant burns you.
The destroyer blinks!
You hear a shout! x2
The destroyer hits you with a +9 great sword of slicing!!!!
Ouch! That really hurt!
You die... ooo.......
Ooo.....

o...o.... #.
.....# #.. .o..#
.. .###..
...###..§
......###.z......
......_.)VO.....
..#..x§@#......
#_.<@§# .....
#.§§oV# o.o.
..V..._.§... ...
......###......oL
.###.V ...###..o
#.. ...# . #.
...# .. .....


You could see The Servant, 4 destroyers, a sculptor of flesh, a meat berserker
(berserk), 4 bags of meat and a crawling corpse.

Vanquished Creatures
  6 vampire knights (D)
  10 ogres (D)
  3 two-headed ogres (D)
  17 orcs (D)
  A large abomination (D)
37 creatures vanquished.

Notes
Turn   | Place    | Note
-------+----------+-------------------------------------------
     0 | D        | groucho the Demonspawn Gladiator began the quest for the Orb.
     0 | D        | Reached XP level 1. HP: 16/16 MP: 1/1
     3 | D        | Noticed a bag of meat
     3 | D        | Noticed a bag of meat
     4 | D        | Became a worshipper of Makhleb the Destroyer
     5 | D        | Noticed a bag of meat
     5 | D        | Noticed a bag of meat
     6 | D        | Noticed a bag of meat
     8 | D        | Noticed a bag of meat
     9 | D        | Noticed a bag of meat
     9 | D        | Killed a bag of meat
     9 | D        | Gained mutation: A weak demonic guardian rushes to your aid. [demonic ancestry]
     9 | D        | Reached XP level 2. HP: 22/22 MP: 1/11
     9 | D        | Gained mutation: You have large cloven feet. [demonic ancestry]
     9 | D        | Reached XP level 3. HP: 27/27 MP: 1/12
     9 | D        | Reached XP level 4. HP: 33/33 MP: 1/14
     9 | D        | Reached XP level 5. HP: 38/38 MP: 1/15
     9 | D        | Reached XP level 6. HP: 44/44 MP: 1/17
     9 | D        | Reached XP level 7. HP: 50/50 MP: 1/18
     9 | D        | Reached XP level 8. HP: 56/56 MP: 1/20
     9 | D        | Gained mutation: You are partially covered in iridescent scales. (AC +2) [demonic ancestry]
     9 | D        | Reached XP level 9. HP: 61/61 MP: 1/21
     9 | D        | Reached XP level 10. HP: 67/67 MP: 1/22
     9 | D        | Reached XP level 11. HP: 72/72 MP: 1/23
     9 | D        | Killed a bag of meat
     9 | D        | Reached * piety under Makhleb
     9 | D        | Gained mutation: You are immune to rotting. [demonic ancestry]
     9 | D        | Reached XP level 12. HP: 78/78 MP: 1/25
    10 | D        | Noticed a meat berserker
    10 | D        | Killed a bag of meat
    10 | D        | Gained mutation: You are mostly covered in iridescent scales. (AC +4) [demonic ancestry]
    10 | D        | Reached XP level 13. HP: 83/83 MP: 1/27
    11 | D        | Noticed a meat berserker
    11 | D        | Noticed a bag of meat
    11 | D        | Killed a meat berserker
    11 | D        | Reached XP level 14. HP: 32/90 MP: 1/29
    11 | D        | Killed a bag of meat
    11 | D        | Reached ** piety under Makhleb
    11 | D        | Gained mutation: A demonic guardian rushes to your aid. [demonic ancestry]
    11 | D        | Reached XP level 15. HP: 34/95 MP: 1/30
    13 | D        | Noticed a meat berserker
    13 | D        | Killed a meat berserker
    13 | D        | Gained mutation: You have hoof-like feet. [demonic ancestry]
    13 | D        | Reached XP level 16. HP: 36/101 MP: 1/33
    13 | D        | Reached *** piety under Makhleb
    13 | D        | Reached skill level 27 in Axes
    13 | D        | Reached skill level 27 in Dodging
    13 | D        | Reached skill level 27 in Invocations
    13 | D        | Reached skill level 5 in Armour
    14 | D        | Killed a meat berserker
    14 | D        | Reached skill level 15 in Fighting
    14 | D        | Gained mutation: You have hooves in place of feet. [demonic ancestry]
    14 | D        | Reached XP level 17. HP: 142/142 MP: 2/34
    15 | D        | Noticed a meat berserker
    17 | D        | Reached **** piety under Makhleb
    19 | D        | Reached XP level 18. HP: 171/171 MP: 3/35
    20 | D        | Noticed a meat berserker
    20 | D        | Killed a meat berserker
    23 | D        | Noticed a large bag of meat
    25 | D        | Killed a meat berserker
    25 | D        | Reached ***** piety under Makhleb
    25 | D        | Reached skill level 27 in Fighting
    25 | D        | Reached skill level 27 in Armour
    25 | D        | Reached skill level 5 in Spellcasting
    25 | D        | Gained mutation: You are completely covered in iridescent scales. (AC +6) [demonic ancestry]
    25 | D        | Reached XP level 19. HP: 189/189 MP: 4/36
    27 | D        | Noticed a large bag of meat
    27 | D        | Noticed a large bag of meat
    28 | D        | Noticed a destroyer
    28 | D        | Killed a large bag of meat
    28 | D        | Reached skill level 15 in Spellcasting
    29 | D        | Killed a large bag of meat
    29 | D        | Reached skill level 15 in Unarmed Combat
    30 | D        | Noticed a destroyer
    30 | D        | Killed a destroyer
    30 | D        | Gained mutation: Your magical and physical power is slightly enhanced at high health. [demonic ancestry]
    30 | D        | Reached XP level 20. HP: 197/197 MP: 5/48
    32 | D        | Noticed a destroyer
    32 | D        | Noticed a destroyer
    32 | D        | Killed a destroyer
    32 | D        | Reached skill level 27 in Spellcasting
    33 | D        | Noticed a meat berserker
    33 | D        | Noticed a meat berserker
    34 | D        | Noticed a meat berserker
    34 | D        | Killed a destroyer
    34 | D        | Reached skill level 27 in Unarmed Combat
    34 | D        | Reached skill level 10 in Throwing
    34 | D        | Gained mutation: Your magical and physical power is enhanced at high health. [demonic ancestry]
    34 | D        | Reached XP level 21. HP: 177/204 MP: 6/52
    35 | D        | Noticed a destroyer
    36 | D        | Noticed The Servant
    36 | D        | Killed a large bag of meat
    36 | D        | Reached skill level 15 in Throwing
    40 | D        | Killed a destroyer
    40 | D        | Reached ****** piety under Makhleb
    40 | D        | Reached XP level 22. HP: 212/212 MP: 8/53
    41 | D        | Reached skill level 27 in Stealth
    41 | D        | Killed a destroyer
    41 | D        | Reached skill level 27 in Throwing
    42 | D        | Noticed a destroyer
    43 | D        | Reached XP level 23. HP: 219/219 MP: 8/54
    45 | D        | Reached skill level 27 in Long Blades
    46 | D        | Killed a destroyer
    46 | D        | Gained mutation: Your magical and physical power is greatly enhanced at high health. [demonic ancestry]
    46 | D        | Reached XP level 24. HP: 227/227 MP: 9/54
    47 | D        | Noticed a destroyer
    48 | D        | Noticed a destroyer
    49 | D        | Noticed a destroyer
    50 | D        | Noticed a destroyer
    51 | D        | Noticed a tyrant
    51 | D        | Annihilated by a destroyer

Skill      XL: |  1  2  3  4  5  6  7  8  9 10 11 12 13 14 15 16 17 18 19 20 21 22 23 |
---------------+----------------------------------------------------------------------+-----
Axes           | 16 19 20 22 23 26 27 | 27.0
Dodging        | 16 19 20 22 23 26 27 | 27.0
Invocations    | 16 18 20 22 23 26 27 | 27.0
Fighting       | 15 23 27 | 27.0
Armour         | 14 21 27 | 27.0
Unarmed Combat | 3 18 27 | 27.0
Spellcasting   | 5 24 27 | 27.0
Throwing       | 10 23 27 | 27.0
Stealth        | 11 24 27 | 27.0
Long Blades    | 23 27 | 27.0

Action                   |  1- 3 |  4- 6 |  7- 9 | 10-12 | 13-15 | 16-18 | 19-21 | 22-24 || total
-------------------------+-------+-------+-------+-------+-------+-------+-------+-------++-------
Melee: Executioner's axe |     1 |       |       |     1 |     2 |     6 |     7 |     9 ||    26
 Stab: Distracted        |       |       |       |       |       |       |     1 |       ||     1
Dodge: Dodged            |       |       |       |       |     1 |       |     1 |     1 ||     3
